Moose vs Rocket
(R2)
Created - May 15, 2021 at 19:05
Goals
|
| Moose |
0 |
3 |
0 |
3 |
| Rocket |
2 |
0 |
2 |
4 |
|
Shots
|
| Moose |
10 |
10 |
12 |
32 |
| Rocket |
11 |
13 |
10 |
34 |
|
1st period
1. Rocket , Mattias Tedenby 1 (Jonathan Matsumoto 1, Andrei Mironov 1) at 1:32
2. Rocket , Brian Dumoulin 1 (Corey Trivino 1, Mattias Tedenby 1) at 4:45 (PP)
Penalties :
Dwight King (Man) for Roughing (Minor) at 4:33, Tom Wilson (Lav) for Tripping (Minor) at 18:46
2nd period
3. Moose , Nikolaj Ehlers 1 (Ludwig Bystrom 1, Troy Stetcher 1) at 0:35 (PP)
4. Moose , Nikolaj Ehlers 2 (Jordan Martinook 1, Dominik Kahun 1) at 5:28 (PP)
5. Moose , Dwight King 1 (Vladislav Gavrikov 1, Nicolas Petan 1) at 15:27 (PP)
Penalties :
Nick Ritchie (Lav) for Slashing (Minor) at 5:24, Jonathan Matsumoto (Lav) for High sticking (Minor) at 6:23, Ludwig Bystrom (Man) for Tripping (Minor) at 10:53, Adrian Kempe (Lav) for Hooking (Minor) at 14:05
3rd period
6. Rocket , Brian Dumoulin 2 (Alex Petrovic 1) at 15:30 (PP)
7. Rocket , Danton Heinen 1 (Nick Ritchie 1, Brian Dumoulin 1) at 15:42
Penalties :
Vladislav Gavrikov (Man) for Roughing (Minor) at 0:58, Danton Heinen (Lav) for Slashing (Minor) at 5:36, Mirco Mueller (Man) for Checking from behind (Minor) at 10:28, Vince Hinostroza (Man) for High sticking (Minor) at 14:48
Goalie Stats
Magnus Hellberg (Man), 30 saves from 34 shots - (0.882), L, 0-1-0, 59:14 minutes
Jean-Francois Berube (Lav), 29 saves from 32 shots - (0.906), W, 1-0-0, 60:00 minutes
Players Stats for Moose
Player Name G A P +/- PIM S H SB GA TA FO MP PP MP PK MP
------------------------------------------------------------------------------------
Alexandre Carrier 0 0 0 -1 0 2 0 0 1 0 0/0 17:09 3:00 2:42
Brendan Perlini 0 0 0 0 0 2 0 0 0 0 0/0 8:47 0:00 0:20
Cedric Paquette 0 0 0 -1 0 0 0 0 0 1 5/13 13:45 0:00 3:47
Dominik Kahun 0 1 1 -1 0 0 2 0 0 0 20/38 21:25 3:53 0:31
Dwight King 1 0 1 -1 2 4 3 0 2 1 0/0 21:50 3:20 1:53
Frank Vatrano 0 0 0 0 0 1 2 0 1 1 0/0 9:21 0:00 1:11
Iiro Pakarinen 0 0 0 -1 0 2 3 0 0 0 0/0 11:25 0:00 0:00
Jordan Martinook 0 1 1 0 0 0 4 0 0 0 1/1 17:58 3:53 2:55
Ludwig Bystrom 0 1 1 -1 2 3 1 0 0 1 0/0 23:38 4:13 2:38
Matthew Benning 0 0 0 -1 0 0 0 0 1 2 0/0 12:25 0:00 0:22
Mirco Mueller 0 0 0 0 2 1 2 3 0 1 0/0 20:55 0:00 2:32
Mitchell Stephens 0 0 0 0 0 0 0 1 0 0 1/2 8:10 0:00 0:00
Nathan Walker 0 0 0 -1 0 0 0 1 1 0 0/0 9:58 0:00 0:00
Nicolas Petan 0 1 1 0 0 3 1 0 0 0 4/6 13:50 3:20 0:00
Nikolaj Ehlers 2 0 2 -1 0 5 1 0 3 0 1/2 19:09 3:53 0:00
Troy Stetcher 0 1 1 0 0 6 2 0 0 0 0/0 25:01 4:13 3:07
Vince Hinostroza 0 0 0 0 2 3 2 1 1 0 0/0 16:54 3:20 3:05
Vladislav Gavrikov 0 1 1 -1 2 0 0 1 2 0 0/0 21:24 3:00 2:21
Players Stats for Rocket
Player Name G A P +/- PIM S H SB GA TA FO MP PP MP PK MP
------------------------------------------------------------------------------------
Adrian Kempe 0 0 0 0 2 2 1 0 0 2 0/0 12:05 0:22 0:00
Alex Petrovic 0 1 1 1 0 4 2 1 2 4 0/0 29:14 3:40 4:05
Andrei Mironov 0 1 1 1 0 2 0 1 0 0 0/0 10:42 0:00 0:00
Andrey Pedan 0 0 0 1 0 0 0 1 0 0 0/0 10:42 0:00 0:00
Anthony Nigro 0 0 0 0 0 1 0 1 0 1 2/3 7:50 0:00 0:00
Brian Dumoulin 2 1 3 1 0 5 4 0 1 0 0/0 29:14 3:40 4:05
Corey Trivino 0 1 1 0 0 2 2 0 1 1 5/15 18:01 3:46 1:30
Danton Heinen 1 0 1 1 2 4 0 0 2 0 1/1 10:40 0:00 0:00
Dean Kukan 0 0 0 0 0 1 0 1 0 0 0/0 20:04 3:11 3:08
Jakub Vrana 0 0 0 0 0 0 1 0 0 1 0/0 7:50 0:00 0:00
Jonathan Matsumoto 0 1 1 1 2 2 1 0 0 0 15/22 17:24 2:55 0:00
Mattias Tedenby 1 1 2 1 0 4 3 0 1 0 4/9 24:01 3:46 4:17
Nick Ritchie 0 1 1 1 2 2 1 0 0 0 0/0 13:25 2:43 0:43
Peter Holland 0 0 0 1 0 0 0 1 0 0 3/8 12:13 0:10 1:26
Tom Wilson 0 0 0 0 2 1 2 1 0 0 0/0 17:06 2:40 2:58
Ty Rattie 0 0 0 0 0 2 2 0 0 0 0/0 8:33 0:25 0:00
Tyler Pitlick 0 0 0 1 0 2 3 1 0 2 0/4 23:34 3:46 3:32
Viktor Loov 0 0 0 0 0 0 1 0 0 1 0/0 20:04 3:11 3:08
3 Stars
1 - Brian Dumoulin (Lav)
2 - Mattias Tedenby (Lav)
3 - Nikolaj Ehlers (Man)
Power Play
Moose - 3 on 5 Attempt(s) - 60.00%
Rocket - 2 on 5 Attempt(s) - 40.00%
Penalty Kill
Moose - 3 on 5 Attempt(s) - 60.00%
- Score 0 goal in Penalty Kill
Rocket - 2 on 5 Attempt(s) - 40.00%
- Score 0 goal in Penalty Kill
Team Stat
Moose - Hits : 23 - Faceoff Wins : 32 - Blocked Shots : 7 - Penalty Minutes : 10
Rocket - Hits : 23 - Faceoff Wins : 30 - Blocked Shots : 8 - Penalty Minutes : 10
Official
Referees : Unknown
Linesman : Unknown
Game Notes
No Game Note
Finance
Level 1 -- Attendance: 2000 (100.00%) -- Ticket Income $40,000
Level 2 -- Attendance: 1000 (100.00%) -- Ticket Income $13,000
Total Attendance: 3000 (100.00%)
Total Ticket Income: $53,000
Other Income: $2,650
Total Income: $55,650
Moose
5 vs 5 Forward
Center Left Wing Right Wing Time % Phy DF OF
1 Dominik Kahun Dwight King Nikolaj Ehlers 40 1 2 2
2 Nicolas Petan Jordan Martinook Vince Hinostroza 30 1 2 2
3 Cedric Paquette Nathan Walker Iiro Pakarinen 20 1 2 2
4 Mitchell Stephens Brendan Perlini Frank Vatrano 10 1 2 2
5 vs 5 Defense
Defense Defense Time % Phy DF OF
1 Mirco Mueller Troy Stetcher 40 1 2 2
2 Vladislav Gavrikov Ludwig Bystrom 35 1 2 2
3 Alexandre Carrier Matthew Benning 25 1 2 2
4 Troy Stetcher Matthew Benning 0 1 2 2
PowerPlay Forward
Center Left Wing Right Wing Time % Phy DF OF
1 Dominik Kahun Jordan Martinook Nikolaj Ehlers 60 0 1 4
2 Nicolas Petan Dwight King Vince Hinostroza 40 0 1 4
PowerPlay Defense
Defense Defense Time % Phy DF OF
1 Ludwig Bystrom Troy Stetcher 60 0 1 4
2 Vladislav Gavrikov Alexandre Carrier 40 0 1 4
Penalty Kill 4 Players Forward
Center Wing Time % Phy DF OF
1 Cedric Paquette Vince Hinostroza 60 1 3 1
2 Jordan Martinook Frank Vatrano 40 1 3 1
Penalty Kill 4 Players Defense
Defense Defense Time % Phy DF OF
1 Mirco Mueller Ludwig Bystrom 60 1 4 0
2 Vladislav Gavrikov Troy Stetcher 40 1 4 0
Penalty Kill - 3 Players Forward
Forward Time % Phy DF OF
1 Frank Vatrano 60 0 4 1
2 Vince Hinostroza 40 0 4 1
Penalty Kill - 3 Players Defense
Defense Defense Time % Phy DF OF
1 Matthew Benning Vladislav Gavrikov 60 1 3 1
2 Troy Stetcher Ludwig Bystrom 40 1 3 1
4 vs 4 Forward
Center Wing Time % Phy DF OF
1 Dominik Kahun Nikolaj Ehlers 60 1 2 2
2 Cedric Paquette Vince Hinostroza 40 1 2 2
4 vs 4 Defense
Defense Defense Time % Phy DF OF
1 Troy Stetcher Ludwig Bystrom 60 1 2 2
2 Mirco Mueller Vladislav Gavrikov 40 1 2 2
Last Minutes Offensive
Center Left Wing Right Wing Defense Defense
Dominik Kahun Dwight King Iiro Pakarinen Ludwig Bystrom Troy Stetcher
Last Minutes Defensive
Center Left Wing Right Wing Defense Defense
Cedric Paquette Jordan Martinook Vince Hinostroza Mirco Mueller Vladislav Gavrikov
Goaltenders
Starting : Magnus Hellberg
Backup : Joey Daccord
Extra Forwards
Normal : Jordan Martinook, Iiro Pakarinen, Vince Hinostroza - PP : Iiro Pakarinen, Brendan Perlini - PK : Dwight King
Extra Defensemen
Normal : Alexandre Carrier, Vladislav Gavrikov, Ludwig Bystrom - PP : Alexandre Carrier - PK : Ludwig Bystrom, Vladislav Gavrikov
Penalty Shots
Iiro Pakarinen, Brendan Perlini, Nathan Walker, Frank Vatrano, Cedric Paquette
Scratches
John Marino (Healthy), Nicklas Jensen (Healthy), Jeremy Bracco (Healthy), Colin White (Healthy), Sami Niku (Healthy)
David Kase (Healthy), Jansen Harkins (Healthy), John Hayden (Healthy), Mackenzie MacEachern (Healthy), Jesse Graham (Healthy)
Jayce Hawryluk (Healthy), Nikolay Goldobin (Healthy), Oskar Lindblom (Healthy), Ryan Collins (Healthy), William Lagesson (Healthy)
Philippe Desrosiers (Healthy)
Rocket
5 vs 5 Forward
Center Left Wing Right Wing Time % Phy DF OF
1 Jonathan Matsumoto Tyler Pitlick Mattias Tedenby 40 0 2 3
2 Corey Trivino Adrian Kempe Tom Wilson 30 0 2 3
3 Peter Holland Nick Ritchie Danton Heinen 20 0 2 3
4 Anthony Nigro Jakub Vrana Ty Rattie 10 0 3 2
5 vs 5 Defense
Defense Defense Time % Phy DF OF
1 Brian Dumoulin Alex Petrovic 40 1 2 2
2 Viktor Loov Dean Kukan 30 1 2 2
3 Andrey Pedan Andrei Mironov 20 1 2 2
4 Brian Dumoulin Alex Petrovic 10 1 2 2
PowerPlay Forward
Center Left Wing Right Wing Time % Phy DF OF
1 Corey Trivino Tyler Pitlick Mattias Tedenby 60 0 1 4
2 Jonathan Matsumoto Nick Ritchie Tom Wilson 40 0 1 4
PowerPlay Defense
Defense Defense Time % Phy DF OF
1 Brian Dumoulin Alex Petrovic 60 0 2 3
2 Viktor Loov Dean Kukan 40 0 2 3
Penalty Kill 4 Players Forward
Center Wing Time % Phy DF OF
1 Mattias Tedenby Tom Wilson 60 1 2 2
2 Tyler Pitlick Corey Trivino 40 1 2 2
Penalty Kill 4 Players Defense
Defense Defense Time % Phy DF OF
1 Brian Dumoulin Alex Petrovic 60 1 2 2
2 Viktor Loov Dean Kukan 40 1 2 2
Penalty Kill - 3 Players Forward
Forward Time % Phy DF OF
1 Mattias Tedenby 60 1 2 2
2 Tom Wilson 40 1 2 2
Penalty Kill - 3 Players Defense
Defense Defense Time % Phy DF OF
1 Brian Dumoulin Alex Petrovic 60 1 2 2
2 Viktor Loov Dean Kukan 40 1 2 2
4 vs 4 Forward
Center Wing Time % Phy DF OF
1 Mattias Tedenby Tom Wilson 60 1 2 2
2 Tyler Pitlick Corey Trivino 40 1 2 2
4 vs 4 Defense
Defense Defense Time % Phy DF OF
1 Brian Dumoulin Alex Petrovic 60 1 2 2
2 Viktor Loov Dean Kukan 40 1 2 2
Last Minutes Offensive
Center Left Wing Right Wing Defense Defense
Corey Trivino Tyler Pitlick Mattias Tedenby Brian Dumoulin Alex Petrovic
Last Minutes Defensive
Center Left Wing Right Wing Defense Defense
Corey Trivino Tyler Pitlick Mattias Tedenby Brian Dumoulin Alex Petrovic
Goaltenders
Starting : Jean-Francois Berube
Backup : Joni Ortio
Extra Forwards
Normal : Mattias Tedenby, Tyler Pitlick, Corey Trivino - PP : Tyler Pitlick, Mattias Tedenby - PK : Mattias Tedenby
Extra Defensemen
Normal : Andrey Pedan, Andrei Mironov, Alex Petrovic - PP : Andrey Pedan - PK : Andrei Mironov, Brian Dumoulin
Penalty Shots
Mattias Tedenby, Tom Wilson, Tyler Pitlick, Corey Trivino, Jonathan Matsumoto
Scratches
Mason Appleton (Healthy), Guillaume Brisebois (Healthy), Tyler Lewington (Healthy), Jiri Sekac (Bruised Right Arm Injury), Daniel Sprong (Healthy)
Tobias Lindberg (Healthy), Scott Glennie (Healthy), Charles Hudon (Healthy), Sergey Tolchinsky (Healthy), Dominic Turgeon (Healthy)
Jack Glover (Healthy), Ryan MacInnis (Healthy)
% Time on Ice - Moose
Lines # - Real PCT - Wanted PCT - Time Play
Normal Forward
1 - 36% - 40% - 16:08
2 - 23% - 30% - 10:30
3 - 22% - 20% - 9:58
4 - 18% - 10% - 8:10
Normal Defense
1 - 41% - 40% - 18:27
2 - 35% - 35% - 15:28
3 - 24% - 25% - 10:51
4 - 0% - 0% - 0:00
PP Forward
1 - 54% - 60% - 3:53
2 - 46% - 40% - 3:20
PP Defense
1 - 58% - 60% - 4:13
2 - 42% - 40% - 3:00
PK Forward
1 - 83% - 60% - 5:40
2 - 17% - 40% - 1:11
PK Defense
1 - 80% - 60% - 5:29
2 - 20% - 40% - 1:22
PK3 Forward
1 - 0% - 60%
2 - 0% - 40%
PK3 Defense
1 - 0% - 60%
2 - 0% - 40%
44 Forward
1 - 0% - 60%
2 - 0% - 40%
44 Defense
1 - 0% - 60%
2 - 0% - 40%
Last Minute Offensive - 1:10
Last Minute Defensive - 0:00
Total
Forward - 60:00
Defense - 60:00
|
% Time on Ice - Rocket
Lines # - Real PCT - Wanted PCT - Time Play
Normal Forward
1 - 34% - 40% - 15:05
2 - 26% - 30% - 11:31
3 - 23% - 20% - 10:19
4 - 18% - 10% - 7:50
Normal Defense
1 - 41% - 40% - 18:11
2 - 31% - 30% - 13:45
3 - 24% - 20% - 10:42
4 - 5% - 10% - 2:07
PP Forward
1 - 57% - 60% - 3:56
2 - 43% - 40% - 2:55
PP Defense
1 - 54% - 60% - 3:40
2 - 46% - 40% - 3:11
PK Forward
1 - 79% - 60% - 5:43
2 - 21% - 40% - 1:30
PK Defense
1 - 57% - 60% - 4:05
2 - 43% - 40% - 3:08
PK3 Forward
1 - 0% - 60%
2 - 0% - 40%
PK3 Defense
1 - 0% - 60%
2 - 0% - 40%
44 Forward
1 - 0% - 60%
2 - 0% - 40%
44 Defense
1 - 0% - 60%
2 - 0% - 40%
Last Minute Offensive - 0:00
Last Minute Defensive - 1:11
Total
Forward - 60:00
Defense - 60:00
|
Play-by-Play
1st period
0:01 of 1st period - Jonathan Matsumoto wins face-off versus Dominik Kahun in neutral zone.
0:26 of 1st period - Nicolas Petan is hit by Corey Trivino and loses puck.
1:14 of 1st period - Snap shot by Anthony Nigro.
1:14 of 1st period - Shot Blocked by Mitchell Stephens.
1:16 of 1st period - Slapshot by Viktor Loov.
1:16 of 1st period - Deflect By Ty Rattie.
1:16 of 1st period - Stopped by Magnus Hellberg with a rebound.
1:32 of 1st period - Wrist shot by Mattias Tedenby.
1:32 of 1st period - Goal by Mattias Tedenby - Moose : 0 - Rocket : 1.
1:33 of 1st period - Nicolas Petan wins face-off versus Corey Trivino in neutral zone.
2:09 of 1st period - Mattias Tedenby is hit by Dwight King and loses puck.
3:51 of 1st period - Wrist shot by Vince Hinostroza.
3:51 of 1st period - Stopped by Jean-Francois Berube with a rebound.
3:53 of 1st period - Snap shot by Vince Hinostroza.
3:53 of 1st period - Stopped by Jean-Francois Berube without a rebound.
3:54 of 1st period - Nikolaj Ehlers wins face-off versus Corey Trivino in Rocket zone.
4:03 of 1st period - Wrist shot by Dwight King.
4:03 of 1st period - Stopped by Jean-Francois Berube without a rebound.
4:04 of 1st period - Corey Trivino wins face-off versus Dominik Kahun in Rocket zone.
4:11 of 1st period - Snap shot by Adrian Kempe.
4:11 of 1st period - Stopped by Magnus Hellberg without a rebound.
4:12 of 1st period - Dominik Kahun wins face-off versus Peter Holland in Moose zone.
4:12 of 1st period - Dominik Kahun is hit by Brian Dumoulin.
4:33 of 1st period - Minor Penalty to Dwight King for Roughing.
4:34 of 1st period - Cedric Paquette wins face-off versus Corey Trivino in Moose zone.
4:43 of 1st period - Snap shot by Corey Trivino.
4:43 of 1st period - Stopped by Magnus Hellberg with a rebound.
4:45 of 1st period - Slapshot by Brian Dumoulin.
4:45 of 1st period - Goal by Brian Dumoulin - Moose : 0 - Rocket : 2.
4:46 of 1st period - Dominik Kahun wins face-off versus Tyler Pitlick in neutral zone.
5:11 of 1st period - Cedric Paquette is hit by Brian Dumoulin and loses puck.
5:18 of 1st period - Slapshot by Adrian Kempe.
5:18 of 1st period - Stopped by Magnus Hellberg with a rebound.
5:20 of 1st period - Slapshot by Andrey Pedan.
5:20 of 1st period - Shot Hit the Post.
5:22 of 1st period - Slapshot by Andrei Mironov.
5:22 of 1st period - Stopped by Magnus Hellberg without a rebound.
5:23 of 1st period - Dominik Kahun wins face-off versus Peter Holland in Moose zone.
6:00 of 1st period - Off-side.
6:01 of 1st period - Dominik Kahun wins face-off versus Jonathan Matsumoto in neutral zone.
6:08 of 1st period - Snap shot by Dwight King.
6:08 of 1st period - Shot Misses the Net.
6:26 of 1st period - Corey Trivino is hit by Iiro Pakarinen and loses puck.
6:55 of 1st period - Snap shot by Brendan Perlini.
6:55 of 1st period - Shot Hit the Post.
6:57 of 1st period - Slapshot by Mitchell Stephens.
6:57 of 1st period - Deflect By Frank Vatrano.
6:57 of 1st period - Shot Misses the Net.
6:57 of 1st period - Puck is out of play.
6:58 of 1st period - Jonathan Matsumoto wins face-off versus Dominik Kahun in Rocket zone.
7:11 of 1st period - Snap shot by Tyler Pitlick.
7:11 of 1st period - Shot Misses the Net.
8:32 of 1st period - Backhand shot by Dominik Kahun.
8:32 of 1st period - Shot Misses the Net.
10:13 of 1st period - Snap shot by Brian Dumoulin.
10:13 of 1st period - Shot Hit the Post.
10:15 of 1st period - Wrist shot by Ty Rattie.
10:15 of 1st period - Stopped by Magnus Hellberg with a rebound.
11:16 of 1st period - Vince Hinostroza is hit by Jonathan Matsumoto and loses puck.
11:33 of 1st period - Wrist shot by Brendan Perlini.
11:33 of 1st period - Stopped by Jean-Francois Berube with a rebound.
11:41 of 1st period - Mirco Mueller is hit by Ty Rattie and loses puck.
11:57 of 1st period - Dwight King is hit by Nick Ritchie and loses puck.
12:14 of 1st period - Slapshot by Iiro Pakarinen.
12:14 of 1st period - Shot Misses the Net.
12:20 of 1st period - Wrist shot by Iiro Pakarinen.
12:20 of 1st period - Stopped by Jean-Francois Berube with a rebound.
12:22 of 1st period - Wrist shot by Iiro Pakarinen.
12:22 of 1st period - Shot Misses the Net.
12:36 of 1st period - Jonathan Matsumoto is hit by Vince Hinostroza.
12:40 of 1st period - Mattias Tedenby is hit by Nicolas Petan.
13:00 of 1st period - Slapshot by Brendan Perlini.
13:00 of 1st period - Stopped by Jean-Francois Berube without a rebound.
13:01 of 1st period - Jonathan Matsumoto wins face-off versus Dominik Kahun in Rocket zone.
13:10 of 1st period - Snap shot by Mattias Tedenby.
13:10 of 1st period - Stopped by Magnus Hellberg without a rebound.
13:11 of 1st period - Dominik Kahun wins face-off versus Jonathan Matsumoto in Moose zone.
13:22 of 1st period - Off-side.
13:23 of 1st period - Dominik Kahun wins face-off versus Tyler Pitlick in neutral zone.
13:23 of 1st period - Dominik Kahun is hit by Tyler Pitlick.
13:58 of 1st period - Jordan Martinook is hit by Tom Wilson and loses puck.
14:07 of 1st period - Alex Petrovic is hit by Jordan Martinook and loses puck.
14:20 of 1st period - Snap shot by Iiro Pakarinen.
14:20 of 1st period - Shot Misses the Net.
15:40 of 1st period - Slapshot by Nick Ritchie.
15:40 of 1st period - Stopped by Magnus Hellberg without a rebound.
15:41 of 1st period - Dominik Kahun wins face-off versus Peter Holland in Moose zone.
15:46 of 1st period - Slapshot by Ludwig Bystrom.
15:46 of 1st period - Shot Misses the Net.
15:48 of 1st period - Slapshot by Ludwig Bystrom.
15:48 of 1st period - Deflect By Danton Heinen.
15:48 of 1st period - Stopped by Jean-Francois Berube with a rebound.
15:50 of 1st period - Slapshot by Vladislav Gavrikov.
15:50 of 1st period - Shot Misses the Net.
15:52 of 1st period - Slapshot by Vladislav Gavrikov.
15:52 of 1st period - Shot Blocked by Peter Holland.
16:15 of 1st period - Snap shot by Nicolas Petan.
16:15 of 1st period - Stopped by Jean-Francois Berube without a rebound.
16:16 of 1st period - Corey Trivino wins face-off versus Dominik Kahun in Rocket zone.
16:16 of 1st period - Corey Trivino is hit by Dwight King.
16:26 of 1st period - Snap shot by Tom Wilson.
16:26 of 1st period - Stopped by Magnus Hellberg without a rebound.
16:27 of 1st period - Jonathan Matsumoto wins face-off versus Dominik Kahun in Moose zone.
16:28 of 1st period - Wrist shot by Tyler Pitlick.
16:28 of 1st period - Shot Misses the Net.
16:43 of 1st period - Icing by Troy Stetcher.
16:44 of 1st period - Corey Trivino wins face-off versus Dominik Kahun in Moose zone.
17:09 of 1st period - Vince Hinostroza is hit by Alex Petrovic and loses puck.
17:16 of 1st period - Wrist shot by Mattias Tedenby.
17:16 of 1st period - Shot Blocked by Vince Hinostroza.
17:30 of 1st period - Slapshot by Troy Stetcher.
17:30 of 1st period - Stopped by Jean-Francois Berube with a rebound.
18:08 of 1st period - Icing by Dean Kukan.
18:09 of 1st period - Dominik Kahun wins face-off versus Corey Trivino in Rocket zone.
18:10 of 1st period - Wrist shot by Nikolaj Ehlers.
18:10 of 1st period - Stopped by Jean-Francois Berube with a rebound.
18:30 of 1st period - Dominik Kahun is hit by Tom Wilson and loses puck.
18:46 of 1st period - Minor Penalty to Tom Wilson for Tripping.
18:47 of 1st period - Mattias Tedenby wins face-off versus Nicolas Petan in Rocket zone.
18:47 of 1st period - Mattias Tedenby is hit by Ludwig Bystrom.
Goals for this period are 0 for Moose vs 2 for Rocket.
Shots for this period are 10 for Moose vs 11 for Rocket.
2nd period
0:01 of 2nd period - Dominik Kahun wins face-off versus Mattias Tedenby in neutral zone.
0:04 of 2nd period - Wrist shot by Ludwig Bystrom.
0:04 of 2nd period - Stopped by Jean-Francois Berube without a rebound.
0:05 of 2nd period - Dominik Kahun wins face-off versus Mattias Tedenby in Rocket zone.
0:08 of 2nd period - Wrist shot by Nikolaj Ehlers.
0:08 of 2nd period - Shot Misses the Net.
0:33 of 2nd period - Slapshot by Troy Stetcher.
0:33 of 2nd period - Shot Misses the Net.
0:35 of 2nd period - Slapshot by Ludwig Bystrom.
0:35 of 2nd period - Deflect By Nikolaj Ehlers.
0:35 of 2nd period - Goal by Nikolaj Ehlers - Moose : 1 - Rocket : 2.
0:36 of 2nd period - Jonathan Matsumoto wins face-off versus Nicolas Petan in neutral zone.
1:01 of 2nd period - Mattias Tedenby is hit by Iiro Pakarinen and loses puck.
1:08 of 2nd period - Wrist shot by Nathan Walker.
1:08 of 2nd period - Shot Misses the Net.
1:52 of 2nd period - Wrist shot by Corey Trivino.
1:52 of 2nd period - Stopped by Magnus Hellberg with a rebound.
1:54 of 2nd period - Slapshot by Alex Petrovic.
1:54 of 2nd period - Stopped by Magnus Hellberg without a rebound.
1:55 of 2nd period - Nicolas Petan wins face-off versus Corey Trivino in Moose zone.
2:20 of 2nd period - Viktor Loov is hit by Iiro Pakarinen and loses puck.
2:27 of 2nd period - Wrist shot by Adrian Kempe.
2:27 of 2nd period - Deflect By Corey Trivino.
2:27 of 2nd period - Shot Blocked by Vladislav Gavrikov.
2:27 of 2nd period - Puck is out of play.
2:28 of 2nd period - Peter Holland wins face-off versus Dominik Kahun in Moose zone.
2:33 of 2nd period - Snap shot by Danton Heinen.
2:33 of 2nd period - Shot Blocked by Mirco Mueller.
3:18 of 2nd period - Snap shot by Mattias Tedenby.
3:18 of 2nd period - Deflect By Tyler Pitlick.
3:18 of 2nd period - Stopped by Magnus Hellberg with a rebound.
3:54 of 2nd period - Alex Petrovic is hit by Dominik Kahun and loses puck.
4:53 of 2nd period - Tom Wilson is hit by Troy Stetcher and loses puck.
5:14 of 2nd period - Wrist shot by Vince Hinostroza.
5:14 of 2nd period - Shot Misses the Net.
5:16 of 2nd period - Snap shot by Vince Hinostroza.
5:16 of 2nd period - Shot Misses the Net.
5:18 of 2nd period - Slapshot by Mirco Mueller.
5:18 of 2nd period - Shot Misses the Net.
5:24 of 2nd period - Minor Penalty to Nick Ritchie for Slashing.
5:25 of 2nd period - Dominik Kahun wins face-off versus Mattias Tedenby in Rocket zone.
5:28 of 2nd period - Slapshot by Nikolaj Ehlers.
5:28 of 2nd period - Goal by Nikolaj Ehlers - Moose : 2 - Rocket : 2.
5:29 of 2nd period - Jonathan Matsumoto wins face-off versus Dominik Kahun in neutral zone.
5:54 of 2nd period - Brian Dumoulin is hit by Jordan Martinook and loses puck.
6:07 of 2nd period - Slapshot by Nicolas Petan.
6:07 of 2nd period - Stopped by Jean-Francois Berube without a rebound.
6:08 of 2nd period - Jonathan Matsumoto wins face-off versus Cedric Paquette in Rocket zone.
6:21 of 2nd period - Snap shot by Jonathan Matsumoto.
6:21 of 2nd period - Stopped by Magnus Hellberg with a rebound.
6:23 of 2nd period - Wrist shot by Mattias Tedenby.
6:23 of 2nd period - Deflect By Ludwig Bystrom.
6:23 of 2nd period - Stopped by Magnus Hellberg without a rebound.
6:23 of 2nd period - Minor Penalty to Jonathan Matsumoto for High sticking.
6:24 of 2nd period - Mattias Tedenby wins face-off versus Dominik Kahun in Rocket zone.
6:37 of 2nd period - Snap shot by Troy Stetcher.
6:37 of 2nd period - Shot Blocked by Tom Wilson.
7:45 of 2nd period - Icing by Ludwig Bystrom.
7:46 of 2nd period - Dominik Kahun wins face-off versus Peter Holland in Moose zone.
8:21 of 2nd period - Vladislav Gavrikov is hit by Corey Trivino and loses puck.
8:23 of 2nd period - Penalty to Jonathan Matsumoto is over, Jonathan Matsumoto is back on ice.
8:37 of 2nd period - Off-side.
8:38 of 2nd period - Anthony Nigro wins face-off versus Cedric Paquette in neutral zone.
8:45 of 2nd period - Snap shot by Anthony Nigro.
8:45 of 2nd period - Stopped by Magnus Hellberg without a rebound.
8:46 of 2nd period - Dominik Kahun wins face-off versus Tyler Pitlick in Moose zone.
10:53 of 2nd period - Minor Penalty to Ludwig Bystrom for Tripping.
10:54 of 2nd period - Cedric Paquette wins face-off versus Corey Trivino in Moose zone.
11:06 of 2nd period - Vince Hinostroza is hit by Mattias Tedenby and loses puck.
11:29 of 2nd period - Wrist shot by Nick Ritchie.
11:29 of 2nd period - Shot Misses the Net.
11:49 of 2nd period - Mirco Mueller is hit by Mattias Tedenby.
11:53 of 2nd period - Viktor Loov is hit by Jordan Martinook.
12:03 of 2nd period - Nick Ritchie is hit by Vince Hinostroza and loses puck.
12:16 of 2nd period - Tyler Pitlick is hit by Frank Vatrano and loses puck.
12:29 of 2nd period - Dean Kukan is hit by Mirco Mueller and loses puck.
12:53 of 2nd period - Penalty to Ludwig Bystrom is over, Ludwig Bystrom is back on ice.
13:52 of 2nd period - Snap shot by Nikolaj Ehlers.
13:52 of 2nd period - Stopped by Jean-Francois Berube with a rebound.
14:05 of 2nd period - Minor Penalty to Adrian Kempe for Hooking.
14:06 of 2nd period - Mattias Tedenby wins face-off versus Dominik Kahun in Rocket zone.
14:17 of 2nd period - Slapshot by Nikolaj Ehlers.
14:17 of 2nd period - Stopped by Jean-Francois Berube without a rebound.
14:18 of 2nd period - Mattias Tedenby wins face-off versus Dominik Kahun in Rocket zone.
14:29 of 2nd period - Alex Petrovic is hit by Dominik Kahun and loses puck.
14:44 of 2nd period - Nicolas Petan is hit by Brian Dumoulin.
15:23 of 2nd period - Wrist shot by Dwight King.
15:23 of 2nd period - Shot Blocked by Dean Kukan.
15:25 of 2nd period - Slapshot by Nicolas Petan.
15:25 of 2nd period - Stopped by Jean-Francois Berube with a rebound.
15:27 of 2nd period - Slapshot by Vladislav Gavrikov.
15:27 of 2nd period - Deflect By Dwight King.
15:27 of 2nd period - Goal by Dwight King - Moose : 3 - Rocket : 2.
15:28 of 2nd period - Cedric Paquette wins face-off versus Mattias Tedenby in neutral zone.
16:12 of 2nd period - Wrist shot by Alex Petrovic.
16:12 of 2nd period - Stopped by Magnus Hellberg without a rebound.
16:13 of 2nd period - Danton Heinen wins face-off versus Mitchell Stephens in Moose zone.
16:42 of 2nd period - Wrist shot by Mattias Tedenby.
16:42 of 2nd period - Shot Misses the Net.
16:44 of 2nd period - Slapshot by Dean Kukan.
16:44 of 2nd period - Stopped by Magnus Hellberg without a rebound.
16:45 of 2nd period - Jonathan Matsumoto wins face-off versus Nikolaj Ehlers in Moose zone.
16:50 of 2nd period - Slapshot by Jonathan Matsumoto.
16:50 of 2nd period - Stopped by Magnus Hellberg without a rebound.
16:51 of 2nd period - Dominik Kahun wins face-off versus Jonathan Matsumoto in Moose zone.
17:09 of 2nd period - Icing by Mirco Mueller.
17:10 of 2nd period - Dominik Kahun wins face-off versus Corey Trivino in Moose zone.
17:19 of 2nd period - Wrist shot by Nikolaj Ehlers.
17:19 of 2nd period - Shot Misses the Net.
17:21 of 2nd period - Slapshot by Troy Stetcher.
17:21 of 2nd period - Stopped by Jean-Francois Berube without a rebound.
17:22 of 2nd period - Nicolas Petan wins face-off versus Tyler Pitlick in Rocket zone.
17:56 of 2nd period - Wrist shot by Danton Heinen.
17:56 of 2nd period - Stopped by Magnus Hellberg with a rebound.
17:58 of 2nd period - Wrist shot by Nick Ritchie.
17:58 of 2nd period - Stopped by Magnus Hellberg with a rebound.
18:20 of 2nd period - Slapshot by Adrian Kempe.
18:20 of 2nd period - Deflect By Corey Trivino.
18:20 of 2nd period - Shot Misses the Net.
18:20 of 2nd period - Puck is out of play.
18:21 of 2nd period - Jonathan Matsumoto wins face-off versus Dominik Kahun in Moose zone.
18:51 of 2nd period - Wrist shot by Danton Heinen.
18:51 of 2nd period - Shot Blocked by Mirco Mueller.
18:53 of 2nd period - Slapshot by Alex Petrovic.
18:53 of 2nd period - Stopped by Magnus Hellberg with a rebound.
18:55 of 2nd period - Slapshot by Brian Dumoulin.
18:55 of 2nd period - Shot Blocked by Mirco Mueller.
19:31 of 2nd period - Jakub Vrana is hit by Jordan Martinook and loses puck.
19:36 of 2nd period - Wrist shot by Vince Hinostroza.
19:36 of 2nd period - Stopped by Jean-Francois Berube without a rebound.
19:37 of 2nd period - Jonathan Matsumoto wins face-off versus Dominik Kahun in Rocket zone.
19:44 of 2nd period - Wrist shot by Dwight King.
19:44 of 2nd period - Deflect By Jonathan Matsumoto.
19:44 of 2nd period - Shot Blocked by Andrey Pedan.
19:44 of 2nd period - Puck is out of play.
19:45 of 2nd period - Dominik Kahun wins face-off versus Jonathan Matsumoto in Rocket zone.
19:46 of 2nd period - Snap shot by Dwight King.
19:46 of 2nd period - Deflect By Dominik Kahun.
19:46 of 2nd period - Shot Blocked by Tyler Pitlick.
19:46 of 2nd period - Puck is out of play.
19:47 of 2nd period - Jonathan Matsumoto wins face-off versus Dominik Kahun in Rocket zone.
19:55 of 2nd period - Snap shot by Andrei Mironov.
19:55 of 2nd period - Stopped by Magnus Hellberg without a rebound.
19:56 of 2nd period - Jonathan Matsumoto wins face-off versus Dominik Kahun in Moose zone.
Goals for this period are 3 for Moose vs 0 for Rocket.
Shots for this period are 10 for Moose vs 13 for Rocket.
3rd period
0:01 of 3rd period - Jonathan Matsumoto wins face-off versus Dominik Kahun in neutral zone.
0:04 of 3rd period - Wrist shot by Jonathan Matsumoto.
0:04 of 3rd period - Shot Hit the Post.
0:13 of 3rd period - Off-side.
0:14 of 3rd period - Nicolas Petan wins face-off versus Jonathan Matsumoto in neutral zone.
0:58 of 3rd period - Minor Penalty to Vladislav Gavrikov for Roughing.
0:59 of 3rd period - Corey Trivino wins face-off versus Cedric Paquette in Moose zone.
1:04 of 3rd period - Snap shot by Tyler Pitlick.
1:04 of 3rd period - Stopped by Magnus Hellberg with a rebound.
1:06 of 3rd period - Snap shot by Mattias Tedenby.
1:06 of 3rd period - Shot Misses the Net.
1:08 of 3rd period - Slapshot by Brian Dumoulin.
1:08 of 3rd period - Stopped by Magnus Hellberg with a rebound.
1:10 of 3rd period - Slapshot by Corey Trivino.
1:10 of 3rd period - Shot Misses the Net.
1:44 of 3rd period - Wrist shot by Mattias Tedenby.
1:44 of 3rd period - Shot Misses the Net.
2:46 of 3rd period - Alexandre Carrier is hit by Viktor Loov and loses puck.
2:58 of 3rd period - Penalty to Vladislav Gavrikov is over, Vladislav Gavrikov is back on ice.
3:16 of 3rd period - Snap shot by Jordan Martinook.
3:16 of 3rd period - Shot Misses the Net.
3:36 of 3rd period - Snap shot by Frank Vatrano.
3:36 of 3rd period - Stopped by Jean-Francois Berube without a rebound.
3:37 of 3rd period - Mitchell Stephens wins face-off versus Anthony Nigro in Rocket zone.
3:40 of 3rd period - Wrist shot by Brendan Perlini.
3:40 of 3rd period - Shot Blocked by Anthony Nigro.
3:42 of 3rd period - Slapshot by Alexandre Carrier.
3:42 of 3rd period - Stopped by Jean-Francois Berube without a rebound.
3:43 of 3rd period - Jonathan Matsumoto wins face-off versus Cedric Paquette in Rocket zone.
3:53 of 3rd period - Alexandre Carrier is hit by Tyler Pitlick.
4:53 of 3rd period - Backhand shot by Nikolaj Ehlers.
4:53 of 3rd period - Shot Blocked by Andrei Mironov.
5:11 of 3rd period - Wrist shot by Nathan Walker.
5:11 of 3rd period - Shot Misses the Net.
5:36 of 3rd period - Minor Penalty to Danton Heinen for Slashing.
5:37 of 3rd period - Dominik Kahun wins face-off versus Mattias Tedenby in Rocket zone.
5:47 of 3rd period - Wrist shot by Tom Wilson.
5:47 of 3rd period - Shot Misses the Net.
7:36 of 3rd period - Penalty to Danton Heinen is over, Danton Heinen is back on ice.
7:46 of 3rd period - Backhand shot by Danton Heinen.
7:46 of 3rd period - Stopped by Magnus Hellberg with a rebound.
8:23 of 3rd period - Nick Ritchie is hit by Mirco Mueller and loses puck.
9:13 of 3rd period - Mattias Tedenby is hit by Frank Vatrano and loses puck.
9:38 of 3rd period - Off-side.
9:39 of 3rd period - Anthony Nigro wins face-off versus Cedric Paquette in neutral zone.
9:50 of 3rd period - Cedric Paquette is hit by Ty Rattie and loses puck.
10:11 of 3rd period - Slapshot by Nicolas Petan.
10:11 of 3rd period - Shot Misses the Net.
10:13 of 3rd period - Slapshot by Troy Stetcher.
10:13 of 3rd period - Stopped by Jean-Francois Berube without a rebound.
10:14 of 3rd period - Dominik Kahun wins face-off versus Jonathan Matsumoto in Rocket zone.
10:28 of 3rd period - Minor Penalty to Mirco Mueller for Checking from behind.
10:29 of 3rd period - Corey Trivino wins face-off versus Cedric Paquette in Moose zone.
11:01 of 3rd period - Slapshot by Alex Petrovic.
11:01 of 3rd period - Deflect By Frank Vatrano.
11:01 of 3rd period - Stopped by Magnus Hellberg with a rebound.
12:28 of 3rd period - Penalty to Mirco Mueller is over, Mirco Mueller is back on ice.
12:50 of 3rd period - Andrey Pedan is hit by Nikolaj Ehlers and loses puck.
14:15 of 3rd period - Matthew Benning is hit by Alex Petrovic and loses puck.
14:41 of 3rd period - Nicolas Petan is hit by Brian Dumoulin and loses puck.
14:48 of 3rd period - Minor Penalty to Vince Hinostroza for High sticking.
14:49 of 3rd period - Cedric Paquette wins face-off versus Corey Trivino in Moose zone.
14:59 of 3rd period - Viktor Loov is hit by Dwight King and loses puck.
15:18 of 3rd period - Wrist shot by Mattias Tedenby.
15:18 of 3rd period - Stopped by Magnus Hellberg without a rebound.
15:19 of 3rd period - Jordan Martinook wins face-off versus Jonathan Matsumoto in Moose zone.
15:30 of 3rd period - Slapshot by Brian Dumoulin.
15:30 of 3rd period - Goal by Brian Dumoulin - Moose : 3 - Rocket : 3.
15:31 of 3rd period - Peter Holland wins face-off versus Cedric Paquette in neutral zone.
15:34 of 3rd period - Wrist shot by Brian Dumoulin.
15:34 of 3rd period - Stopped by Magnus Hellberg with a rebound.
15:36 of 3rd period - Snap shot by Brian Dumoulin.
15:36 of 3rd period - Shot Misses the Net.
15:38 of 3rd period - Slapshot by Brian Dumoulin.
15:38 of 3rd period - Stopped by Magnus Hellberg with a rebound.
15:40 of 3rd period - Snap shot by Nick Ritchie.
15:40 of 3rd period - Shot Misses the Net.
15:42 of 3rd period - Wrist shot by Danton Heinen.
15:42 of 3rd period - Goal by Danton Heinen - Moose : 3 - Rocket : 4.
15:43 of 3rd period - Cedric Paquette wins face-off versus Peter Holland in neutral zone.
15:55 of 3rd period - Wrist shot by Nick Ritchie.
15:55 of 3rd period - Shot Blocked by Nathan Walker.
16:09 of 3rd period - Dominik Kahun is hit by Mattias Tedenby and loses puck.
16:29 of 3rd period - Slapshot by Troy Stetcher.
16:29 of 3rd period - Stopped by Jean-Francois Berube with a rebound.
16:54 of 3rd period - Brendan Perlini is hit by Jakub Vrana and loses puck.
17:29 of 3rd period - Slapshot by Alexandre Carrier.
17:29 of 3rd period - Stopped by Jean-Francois Berube with a rebound.
17:31 of 3rd period - Slapshot by Matthew Benning.
17:31 of 3rd period - Deflect By Dominik Kahun.
17:31 of 3rd period - Deflect By Mattias Tedenby.
17:31 of 3rd period - Shot Misses the Net.
17:31 of 3rd period - Puck is out of play.
17:32 of 3rd period - Jonathan Matsumoto wins face-off versus Dominik Kahun in Rocket zone.
17:37 of 3rd period - Wrist shot by Nikolaj Ehlers.
17:37 of 3rd period - Shot Misses the Net.
17:55 of 3rd period - Vladislav Gavrikov is hit by Tyler Pitlick and loses puck.
18:08 of 3rd period - Slapshot by Ludwig Bystrom.
18:08 of 3rd period - Stopped by Jean-Francois Berube without a rebound.
18:09 of 3rd period - Peter Holland wins face-off versus Cedric Paquette in Rocket zone.
18:09 of 3rd period - Peter Holland is hit by Troy Stetcher.
18:17 of 3rd period - Snap shot by Danton Heinen.
18:17 of 3rd period - Stopped by Magnus Hellberg with a rebound.
18:36 of 3rd period - Troy Stetcher is hit by Adrian Kempe and loses puck.
18:52 of 3rd period - Icing by Troy Stetcher.
18:53 of 3rd period - Dominik Kahun wins face-off versus Corey Trivino in Moose zone.
19:14 of 3rd period - Moose, Magnus Hellberg is pulled from the net.
19:16 of 3rd period - Slapshot by Dwight King.
19:16 of 3rd period - Shot Blocked by Alex Petrovic.
19:18 of 3rd period - Slapshot by Mirco Mueller.
19:18 of 3rd period - Deflect By Brian Dumoulin.
19:18 of 3rd period - Stopped by Jean-Francois Berube with a rebound.
19:20 of 3rd period - Snap shot by Dwight King.
19:20 of 3rd period - Stopped by Jean-Francois Berube with a rebound.
19:24 of 3rd period - Wrist shot by Dwight King.
19:24 of 3rd period - Stopped by Jean-Francois Berube with a rebound.
19:26 of 3rd period - Slapshot by Troy Stetcher.
19:26 of 3rd period - Stopped by Jean-Francois Berube with a rebound.
19:28 of 3rd period - Slapshot by Mirco Mueller.
19:28 of 3rd period - Deflect By Iiro Pakarinen.
19:28 of 3rd period - Stopped by Jean-Francois Berube with a rebound.
19:30 of 3rd period - Slapshot by Troy Stetcher.
19:30 of 3rd period - Stopped by Jean-Francois Berube without a rebound.
19:31 of 3rd period - Adams Oates call a timeout for Moose.
19:31 of 3rd period - Dominik Kahun wins face-off versus Corey Trivino in Rocket zone.
19:59 of 3rd period - Off-side.
Goals for this period are 0 for Moose vs 2 for Rocket.
Shots for this period are 12 for Moose vs 10 for Rocket.